 Dungeon Crawl Stone Soup version 0.22.1 (webtiles) character file.

205 Korosensei the Covert (level 5, -1/34 HPs)
             Began as an Octopode Assassin on Sept 18, 2018.
             Slain by an orc
             ... wielding a +0 flail
              (9 damage)
             ... on level 3 of the Dungeon.
             The game lasted 00:04:28 (2257 turns).

Korosensei the Covert (Octopode Assassin)           Turns: 2257, Time: 00:04:29

Health: -1/34      AC:  1    Str: 10    XL:     5   Next: 83%
Magic:  5/5        EV: 13    Int: 13    God:
Gold:   147        SH:  0    Dex: 15    Spells: 4/4 levels left

rFire    . . .     SeeInvis .   a - +2 dagger
rCold    . . .     Gourm    .   (no shield)
rNeg     . . .     Faith    .   (helmet restricted)
rPois    .         Spirit   .   (no amulet)
rElec    .         Reflect  .   (no ring)
rCorr    .         Harm     .   (no ring)
MR       .....                  (no ring)
Stlth    +++++.....             (no ring)
HPRegen  0.11/turn              (no ring)
MPRegen  0.09/turn              (no ring)
                                (no ring)
                                (no ring)

@: no status effects
A: almost no armour, stealthy swim, amphibious, 8 rings, constrict 8, camouflage
1, gelatinous body 1
a: no special abilities


You were on level 3 of the Dungeon.
You were not hungry.

You visited 1 branch of the dungeon, and saw 4 of its levels.

You collected 147 gold pieces.

Inventory:

Hand Weapons
 a - a +2 dagger (weapon)
 b - a +0 blowgun
Missiles
 c - 20 poisoned needles
 d - 2 curare-tipped needles
Jewellery
 h - a +4 ring of dexterity {unknown}
 j - an uncursed amulet of guardian spirit {unknown}
 m - a +5 ring of strength {unknown}
 t - an uncursed ring of stealth {unknown}
 u - an uncursed ring of fire {unknown}
Scrolls
 e - a scroll of enchant weapon {unknown}
 i - 3 scrolls of amnesia {unknown}
 k - 3 scrolls of remove curse {unknown}
 l - 4 scrolls of identify {unknown}
 n - a scroll of teleportation {unknown}
 o - 2 scrolls of immolation {unknown}
 v - a scroll of blinking {unknown}
 w - a scroll of fog {unknown}
 x - a scroll of enchant armour {unknown}
Potions
 g - 2 potions of agility {unknown}
 p - 2 potions of haste {unknown}
 q - 2 potions of cancellation {unknown}
 r - a potion of resistance {unknown}
 s - a potion of ambrosia {unknown}
Comestibles
 f - 8 rations


   Skills:
 - Level 2.0 Fighting
 - Level 2.0 Short Blades
 - Level 2.0 Throwing
 - Level 1.0 Dodging
 + Level 9.6 Stealth


You had 4 spell levels left.
You didn't know any spells.
Your spell library was empty.

Dungeon Overview and Level Annotations

Branches:
Dungeon (4/15)
 Temple: D:4-7

Altars:
Nemelex Xobeh
Trog


Innate Abilities, Weirdness & Mutations

You cannot wear most types of armour.
You are very stealthy in the water. (Stealth+)
You are amphibious.
You can wear up to eight rings at the same time.
You can use your tentacles to constrict eight enemies at once.
Your skin changes colour to match your surroundings (Stealth+).
Your rubbery body absorbs attacks. (AC +1, EV +1)


Message History

The orc is lightly wounded.
You constrict the orc, but do no damage.
The orc hits you with a flail.
* * * LOW HITPOINT WARNING * * *
You hit the orc but do no damage. You squeeze the orc, but do no damage.
The orc is lightly wounded.
You constrict the orc. You hit the orc but do no damage.
The orc is moderately wounded.
You constrict the orc, but do no damage.
The orc closely misses you.
You hit the orc but do no damage.
The orc is moderately wounded.
You constrict the orc. The orc hits you with a flail.
* * * LOW HITPOINT WARNING * * *
You hit the orc but do no damage.
The orc is severely wounded.
You constrict the orc, but do no damage.
The orc hits you with a flail!
You die...

#.....⌠.⌠..............
#......_..########...##
#.....⌠.⌠............+.
#.....#...########...#>
#...).##### #####.
#.......############.+.
#...).#............#.#.
#...).##........##.#.#.
#.....@o.........#.#.#.
#.....##...............
#.....##............###
###.................'..
#.................###
#.................'..
#.......#######...###
#(......# #...# #
#.......#######...# #


You could see an orc.

Vanquished Creatures
  An iguana (D:3)
  Robin (D:2)
  8 adders
  A worm (D:2)
  3 dart slugs (D:1)
  2 leopard geckos
  An orc (D:3)
  2 ball pythons (D:3)
  8 bats
  5 giant cockroaches
  12 goblins
  8 hobgoblins
  4 jackals (D:1)
  7 kobolds
  2 quokkas (D:3)
  2 frilled lizards
  13 rats
80 creatures vanquished.

Notes
Turn   | Place    | Note
-------+----------+-------------------------------------------
     0 | D:1      | Korosensei the Octopode Assassin began the quest for the
                  | Orb.
     0 | D:1      | Reached XP level 1. HP: 14/14 MP: 1/1
   102 | D:1      | Reached skill level 6 in Stealth
   102 | D:1      | Reached XP level 2. HP: 19/19 MP: 2/2
   285 | D:1      | Reached XP level 3. HP: 18/24 MP: 3/3
   552 | D:2      | Reached skill level 7 in Stealth
   818 | D:2      | Found a faded altar of an unknown god.
   895 | D:2      | Noticed Robin
   927 | D:2      | Killed Robin
   927 | D:2      | Reached XP level 4. HP: 11/29 MP: 4/4
  1232 | D:2      | Reached skill level 8 in Stealth
  1341 | D:2      | Found a bloodstained altar of Trog.
  1639 | D:3      | Reached XP level 5. HP: 33/34 MP: 5/5
  1696 | D:3      | Found a sparkling altar of Nemelex Xobeh.
  1974 | D:3      | Reached skill level 9 in Stealth
  2257 | D:3      | Slain by an orc

Skill      XL: |  1  2  3  4  5 |
---------------+----------------+-----
Stealth        | 6 7 8 9 |  9.6
Fighting       | |  2.0
Short Blades   | |  2.0
Throwing       | |  2.0
Dodging        | |  1.0

Action                   |  1- 3 |  4- 6 || total
-------------------------+-------+-------++-------
Melee: Dagger            |    63 |    89 ||   152
       Constrict         |    17 |    20 ||    37
       Tentacles         |    11 |    12 ||    23
 Stab: Sleeping          |    10 |    17 ||    27
  Eat: Chunk             |       |     4 ||     4
Armor: Skin              |     6 |     5 ||    11
Dodge: Dodged            |    31 |    42 ||    73
